 Dungeon Crawl Stone Soup version 0.28.0-62-gf88900778d (webtiles) character file.

Game seed: 551801647848590234

6411 cbfl8 the Cleaver (level 10, -12/75 (77) HPs)
             Began as a Demonspawn Berserker on June 12, 2023.
             Was a High Priest of Trog.
             Mangled by a sun demon (14 damage)
             ... summoned by an orc sorcerer
             ... in a bailey.
             The game lasted 00:11:17 (10481 turns).

cbfl8 the Cleaver (Demonspawn Berserker)           Turns: 10481, Time: 00:11:17

HP:   -12/75 (77)   AC: 15    Str: 17    XL:     10   Next: 66%
MP:   10/10         EV: 13    Int:  9    God:    Trog [*****.]
Gold: 393           SH:  0    Dex: 17    Spells: 9/9 levels left

rFire   . . .      SeeInvis +   b - +0 war axe (venom)
rCold   . . .      Faith    .   (no shield)
rNeg    . . .      Spirit   .   F - +0 chain mail
rPois   .          Reflect  .   D - +1 helmet
rElec   .          Harm     .   m - +1 cloak
rCorr   .          Rampage  .   (no gloves)
Will    .....                   (no boots)
Stlth   ..........              e - amulet of magic regeneration
HPRegen 2.22/turn               d - ring of see invisible
MPRegen 0.64/turn               A - +4 ring of evasion

@: on berserk cooldown, slowed, lightly drained, very slow
A: powered by death 2, magic regeneration, sharp scales 1, weakness stinger 2
a: Renounce Religion, Berserk, Trog's Hand, Brothers in Arms


You were in a bailey.
You worshipped Trog.
Trog was extremely pleased with you.
You visited 1 branch of the dungeon, and saw 8 of its levels.
You also visited: Ossuary and Bailey.

You collected 393 gold pieces.

Inventory:

Hand Weapons
 a - a +0 broad axe
 b - a +0 war axe of venom (weapon)
Missiles
 y - a throwing net
Armour
 m - a +1 cloak (worn)
 D - a +1 helmet (worn)
 F - a +0 chain mail (worn)
Jewellery
 d - a ring of see invisible (left hand)
 e - an amulet of magic regeneration (around neck)
 A - a +4 ring of evasion (right hand)
Wands
 j - a wand of polymorph (18)
 B - a wand of mindburst (5)
 E - a wand of acid (7) (quivered)
Scrolls
 f - 4 scrolls of fog
 g - 3 scrolls of blinking
 h - a scroll of torment
 i - a scroll of enchant armour
 k - a scroll of acquirement
 n - 4 scrolls of teleportation
 r - a scroll of vulnerability {unknown}
 u - a scroll of fear
 v - 2 scrolls of immolation
 z - a scroll of summoning
 C - a scroll of noise
Potions
 c - 3 potions of lignification {unknown}
 l - 3 potions of curing {unknown}
 o - 3 potions of attraction {unknown}
 p - 2 potions of mutation {unknown}
 q - a potion of haste {unknown}
 s - 3 potions of might {unknown}
 w - 2 potions of degeneration {unknown}
 x - 3 potions of brilliance {unknown}


   Skills:
 + Level 6.9 Fighting
 + Level 10.3 Axes
 + Level 4.9 Armour
 + Level 5.4 Dodging
 + Level 1.5 Stealth
 * Level 6.9 Evocations


You had 9 spell levels left.
You didn't know any spells.
Your spell library was empty.

Dungeon Overview and Level Annotations

Branches:
Dungeon (8/15)             Temple (0/1) D:7         Ossuary (visited)
 Bailey (1/1)
   Lair: D:8-11

Altars:
Cheibriados
Dithmenos
Qazlal
Xom
Yredelemnul

Shops:
D:2 *   D:7 (   D:8 =


Innate Abilities, Weirdness & Mutations

You regenerate health from kills.
You regenerate magic rapidly.
You are partially covered in razor-sharp scales. (AC +1, Slay +1)
You have a tail ending in a sharp stinger.


Message History

You slash the orc warrior!
The orc warrior is poisoned.
The orc warrior is severely wounded.
You hit the orc sorcerer but do no damage.
The orc sorcerer is poisoned.
The orc sorcerer points at you and mumbles some strange words.
You suddenly lose the ability to move!
The orc warrior hits you but does no damage.
The orc sorcerer hits you but does no damage.
The orc warrior hits you with a +0 battleaxe!
The orc sorcerer hits you but does no damage.
The orc warrior hits you but does no damage.
The sun demon hits you.
You are engulfed in flames!!
The orc sorcerer points at you and mumbles some strange words.
The bolt of negative energy hits you!
You feel drained.
The orc warrior hits you with a +0 battleaxe!
The sun demon hits you but does no damage.
The orc sorcerer casts a spell at you.
You shrug off the repeated paralysis!
The sun demon hits you!
You are engulfed in flames!
* * * LOW HITPOINT WARNING * * *
The orc warrior barely misses you.
The sun demon hits you but does no damage.
The orc sorcerer mumbles some strange words.
The orc warrior hits you but does no damage.
The sun demon hits you but does no damage.
The orc sorcerer hits you but does no damage.
The orc warrior hits you with a +0 battleaxe!
* * * LOW HITPOINT WARNING * * *
You can move again.
Unknown command.
You feel a strong urge to attack something.
You are no longer berserk.
You are exhausted.
You feel yourself slow down.
You kill the orc warrior!
Trog accepts your kill. The sun demon hits you!
* * * LOW HITPOINT WARNING * * *
You are engulfed in flames!
You die...

#≈≈≈≈≈#....'.....#)......#..
#≈≈≈≈≈#....#.....).8.8.8.#..
#≈≈≈≈≈#.##############.).###
#≈≈≈≈≈≈)#..+ ....#..[...
#≈≈≈≈≈≈.#..# ....#......
#≈≈≈≈≈≈)#..# ....#####''
#≈≈≈≈≈≈.#########....##.....
#≈≈≈≈≈≈.#..8.8..#....##....)
#≈≈≈≈≈≈∩...@33..g)_..##..⌠..
#≈≈≈≈≈≈.#..8.8o.#....##.....
#≈≈≈≈≈≈.#########....##...).
#≈≈≈≈≈≈.#..# ....#####''
#≈≈≈≈≈†.#??# ....#..)...
#≈≈≈≈≈≈.#?!+ ....#..)...
#≈≈≈≈≈#.##############...###
#≈≈≈≈≈#.)..#.....).8.8.8.#
#≈≈≈≈≈#..).'.....#)......#


You could see a sun demon (summoned), a sixfirhy (summoned), an orc sorcerer
(poisoned) and a gnoll.

Vanquished Creatures
  A two-headed ogre (D:5)
  Pikel (D:8)
  Joseph (D:8)
  A kobold demonologist (Bailey)
  A wyvern (D:7)
  A water moccasin (D:8)
  A sky beast (D:5)
  2 ice beasts
  10 orc warriors
  3 necrophages
  2 ogres
  2 phantoms
  A centaur (D:8)
  2 kobold brigands
  A bullfrog (D:7)
  11 scorpions
  3 water moccasin zombies (D:5)
  A howler monkey (D:6)
  3 electric eels (Bailey)
  A bullfrog zombie (D:6)
  10 centaur zombies
  2 hounds
  7 orc priests
  2 bullfrog skeletons (D:5)
  3 jellies
  3 iguanas
  2 centaur skeletons
  4 scorpion zombies
  3 human zombies
  6 orc wizards
  2 killer bee zombies
  5 hound zombies (D:5)
  5 mummies
  3 gnolls
  A white imp (D:5)
  2 adder skeletons
  A dart slug (D:1)
  26 orcs
  5 ball pythons
  7 endoplasms
  4 giant cockroaches
  A gnoll zombie (Ossuary)
  18 goblins
  12 hobgoblins
  3 jackals (D:1)
  5 quokkas
  5 bats
  2 frilled lizards
  2 goblin zombies (Ossuary)
  A hobgoblin zombie (Ossuary)
  28 kobolds
  6 rats
235 creatures vanquished.

Vanquished Creatures (others)
  8 plants
8 creatures vanquished.

Grand Total: 243 creatures vanquished

Notes
Turn   | Place    | Note
-------+----------+-------------------------------------------
     0 | D:1      | cbfl8 the Demonspawn Berserker began the quest for the Orb.
     0 | D:1      | Reached XP level 1. HP: 18/18 MP: 1/1
   287 | D:1      | Reached skill level 3 in Axes
   419 | D:1      | Gained mutation: You have a small tail. [demonic ancestry]
   419 | D:1      | Reached XP level 2. HP: 24/24 MP: 2/2
   913 | D:1      | Reached skill level 1 in Evocations
  1322 | D:2      | Gained mutation: You regenerate magic rapidly. [demonic
                  | ancestry]
  1322 | D:2      | Reached XP level 3. HP: 29/29 MP: 3/3
  1324 | D:2      | Reached ** piety under Trog
  1527 | D:2      | Found Dusechek's General Store.
  1697 | D:2      | Found a shimmering altar of Xom.
  1796 | D:2      | Found a faded altar of an unknown god.
  2240 | D:3      | Found a stormy altar of Qazlal.
  2688 | D:4      | Gained mutation: You have a tail ending in a sharp stinger.
                  | [demonic ancestry]
  2688 | D:4      | Reached XP level 4. HP: 26/35 MP: 4/4
  2922 | D:4      | Noticed a phantom
  2928 | D:4      | Killed a phantom
  2929 | D:4      | Reached skill level 4 in Axes
  2929 | D:4      | Reached XP level 5. HP: 42/42 MP: 5/5
  2957 | D:4      | Found a sand-covered staircase.
  3000 | Ossuary  | Entered an ossuary
  3381 | Ossuary  | Gained mutation: You are partially covered in razor-sharp
                  | scales. (AC +1, Slay +1) [demonic ancestry]
  3381 | Ossuary  | Reached XP level 6. HP: 26/48 MP: 6/6
  3750 | Ossuary  | Reached XP level 7. HP: 42/54 MP: 7/7
  3898 | Ossuary  | Reached skill level 5 in Axes
  4114 | Ossuary  | Reached *** piety under Trog
  4124 | Ossuary  | Reached skill level 6 in Axes
  4124 | Ossuary  | Gained mutation: You regenerate a little health from kills.
                  | [demonic ancestry]
  4124 | Ossuary  | Reached XP level 8. HP: 34/61 MP: 8/8
  4531 | D:4      | Reached skill level 5 in Fighting
  4650 | D:4      | HP: 3/62 [ogre/+0 giant spiked club (12)]
  5129 | D:5      | Entered Level 5 of the Dungeon
  5540 | D:5      | Found a basalt altar of Yredelemnul.
  5998 | D:5      | Reached skill level 7 in Axes
  6066 | D:5      | Reached skill level 1 in Stealth
  6144 | D:5      | Noticed a two-headed ogre
  6152 | D:5      | Killed a two-headed ogre
  6153 | D:5      | Reached skill level 5 in Evocations
  6153 | D:5      | Gained mutation: You regenerate health from kills. [demonic
                  | ancestry]
  6153 | D:5      | Reached XP level 9. HP: 33/69 MP: 9/9
  6586 | D:6      | Reached skill level 8 in Axes
  6595 | D:6      | Found a snail-covered altar of Cheibriados.
  6699 | D:6      | Reached **** piety under Trog
  7206 | D:6      | Reached skill level 5 in Dodging
  7692 | D:7      | Found a shadowy altar of Dithmenos.
  7818 | D:7      | Found a staircase to the Ecumenical Temple.
  7861 | D:7      | Found Dicaa's Weapon Shop.
  7947 | D:7      | Reached skill level 9 in Axes
  8187 | D:7      | Reached XP level 10. HP: 76/76 MP: 10/10
  8209 | D:7      | Reached ***** piety under Trog
  8949 | D:8      | Noticed Joseph
  8966 | D:8      | Killed Joseph
  9155 | D:8      | Found Dyassush's Jewellery Shoppe.
  9160 | D:8      | Noticed Pikel
  9170 | D:8      | Killed Pikel
  9205 | D:8      | Found a flagged portal.
  9228 | Bailey   | Entered a bailey
  9353 | Bailey   | Reached skill level 10 in Axes
 10466 | Bailey   | Found an iron altar of Okawaru.
 10466 | Bailey   | Noticed an orc sorcerer
 10469 | Bailey   | Noticed a sun demon
 10470 | Bailey   | Paralysed by an orc sorcerer for 6 turns
 10476 | Bailey   | Noticed a sixfirhy
 10481 | Bailey   | HP: 2/75 [sun demon[an orc sorcerer] (10)]
 10481 | Bailey   | Mangled by a sun demon

Illustrated notes

Levels and vault maps discovered:
D:1:      heliophobic_arrival_ceremonial_halls, layout_loops_ring,
          serial_forest, infiniplex_forest_clump_double,
          infiniplex_forest_straight_1, infiniplex_forest_clump_small,
          infiniplex_forest_lined_corner, infiniplex_forest_straight_4,
          kennysheep_nondescript
D:2:      layout_basic, basic_altar, ebering_ecumenical_altar_abandoned,
          serial_shops, nicolae_shop_trees, minivault_14
D:3:      layout_rooms, grunt_qazlal_clouds, serial_bayou_lake_a
D:4:      layout_rooms, nicolae_ossuary_entry_false_entrances
D:5:      minmay_angry_zag, layout_loops_cross,
          lemuel_mausoleum_altar_yredelemnul
D:6:      layout_basic, mainiacjoe_overflow_six_doors_small
D:7:      kennysheep_kobold_camp, layout_basic, nicolae_dithmenos_shadow_blocks,
          minmay_temple_entry_mini_moons, serial_shops, shop
D:8:      layout_loops_cross, serial_shops, shop, enter_bailey_4,
          minmay_lindwurm_lava, uniq_pikel, uniq_joseph
Bailey:   bailey_axe_of_yendor_kennysheep, bailey

Skill      XL: |  1  2  3  4  5  6  7  8  9 10 |
---------------+-------------------------------+-----
Axes           | 3 4 6 7 9 10 | 10.3
Evocations     | 1 2 3 5 6 |  6.9
Dodging        | 2 3 4 5 |  5.4
Armour         | 2 3 4 |  4.9
Fighting       | 4 5 6 |  6.9
Stealth        | 1 |  1.5

Action                   |  1- 3 |  4- 6 |  7- 9 | 10-12 || total
-------------------------+-------+-------+-------+-------++-------
Melee: Hand axe          |   138 |    84 |   493 |    18 ||   733
       Tailslap          |    14 |    16 |    99 |    27 ||   156
       Punch             |     3 |     1 |    11 |     4 ||    19
       War axe           |       |       |       |   139 ||   139
Invok: Berserk           |       |     3 |     3 |     3 ||     9
Evoke: Wand              |       |       |       |     6 ||     6
  Use: Scroll            |       |       |     7 |     5 ||    12
 Stab: Sleeping          |     1 |       |     1 |       ||     2
Armor: Animal skin       |     3 |       |       |       ||     3
       Leather armour    |    42 |    39 |   130 |       ||   211
       Chain mail        |       |       |    41 |    71 ||   112
Dodge: Dodged            |   105 |    70 |   350 |    98 ||   623
